 Dungeon Crawl Stone Soup version 0.29-a0-824-gd827844252 (webtiles) character file.

Game seed: 14244455100096769109

10415 Malachi the Cruncher (level 11, -2/65 HPs)
             Began as a Djinni Ice Elementalist on July 10, 2022.
             Was a High Priest of Makhleb.
             Slain by a swamp worm (17 damage)
             ... on level 1 of the Lair of Beasts.
             The game lasted 00:20:35 (10401 turns).

Malachi the Cruncher (Djinni Ice Elementalist)     Turns: 10401, Time: 00:20:35

Health: -2/65      AC:  5    Str:  3    XL:     11   Next: 92%
Gold:   515        EV: 17    Int: 22    God:    Makhleb [*****.] SH:  0 Dex: 19

rFire   + + .      SeeInvis +   z - +11 quarterstaff of Governance {vorpal, rElec Will++ Str-4 SInv}
rCold   x . .      Faith    .   (shield currently unavailable)
rNeg    . . .      Spirit   .   x - +1 troll leather armour {Pargi}
rPois   ∞          Reflect  .   (no helmet)
rElec   +          Harm     .   (no cloak)
rCorr   .          Rampage  .   (no gloves)
Will    +++..                   (boots unavailable)
Stlth   ++........              (no amulet)
HPRegen 1.00/turn               d - +4 ring of evasion
MPRegen 0.00/turn               k - +6 ring of dexterity

@: flying
A: sickness immunity, fire resistance 2, cold vulnerability 1, float, innate
caster, HP casting, extra vitality 1
a: Renounce Religion, Minor Destruction, Lesser Servant of Makhleb, Major
Destruction, Greater Servant of Makhleb


You were on level 1 of the Lair of Beasts.
You worshipped Makhleb.
Makhleb was extremely pleased with you.
You visited 2 branches of the dungeon, and saw 10 of its levels.
You also visited: Sewer.

You collected 677 gold pieces.
You spent 162 gold pieces at shops.

Inventory:

Hand Weapons
 r - a +7 sling
 s - the +7 quarterstaff of Peace {venom, Str+5}
   (You found it on level 3 of the Dungeon)

   It poisons the flesh of those it strikes.
   Str:       It affects your strength (+5).
 z - the +11 quarterstaff of Governance (weapon) {vorpal, rElec Will++ Str-4 SInv}
   (You bought it in a shop on level 5 of the Dungeon)

   It inflicts extra damage upon your enemies.
   Str:       It affects your strength (-4).
   rElec:     It insulates you from electricity.
   SInv:      It lets you see invisible.
   Will:      It greatly increases your willpower.
Missiles
 w - 11 throwing nets
 B - 6 datura-tipped darts
Armour
 c - a +2 scale mail of fire resistance
 x - a +1 troll leather armour (worn) {Pargi}
Jewellery
 d - a +4 ring of evasion (left hand)
 k - a +6 ring of dexterity (right hand)
Wands
 e - a wand of flame (17)
 A - a wand of quicksilver (11)
 D - a wand of paralysis (8)
Scrolls
 a - 2 scrolls of brand weapon
 b - 4 scrolls of teleportation
 f - 3 scrolls of vulnerability
 g - 2 scrolls of noise
 i - a scroll of blinking
 m - 2 scrolls of summoning
 n - 2 scrolls of magic mapping
 u - a scroll of fog
 y - 2 scrolls of poison {unknown}
 C - a scroll of fear
 F - a scroll of identify
Potions
 h - 7 potions of curing
 j - 3 potions of cancellation {unknown}
 l - 2 potions of brilliance {unknown}
 o - 4 potions of lignification {unknown}
 p - 3 potions of attraction {unknown}
 q - a potion of degeneration {unknown}
 t - 3 potions of haste {unknown}
 v - 3 potions of might {unknown}
 E - a potion of ambrosia {unknown}


   Skills:
 - Level 14.0 Staves
 - Level 5.0 Armour
 - Level 5.0 Dodging
 - Level 1.5 Stealth
 * Level 6.1 Spellcasting


You couldn't memorise any spells.
You knew the following spells:

 Your Spells              Type           Power      Damage    Failure   Level
a - Freeze                Ice            100%       1d11      1%          1
b - Frozen Ramparts       Ice            66%        1d8       4%          3
c - Ozocubu's Armour      Ice            33%        N/A       4%          3
d - Hailstorm             Conj/Ice       33%        3d8       13%         4
e - Slow                  Hex            100%       N/A       1%          1
f - Passwall              Tmut/Erth      27%        N/A       1%          2
g - Poisonous Vapours     Pois/Air       66%        N/A       1%          2
h - Inner Flame           Hex/Fire       33%        N/A       4%          3
i - Blade Hands           Tmut           16%        N/A       36%         5
Your spell library was empty.

Dungeon Overview and Level Annotations

Branches:
Dungeon (9/15)             Temple (0/1) D:4            Lair (1/6) D:9
    Orc (0/2) D:9           Sewer (visited)

Altars:
Ashenzari
Fedhas
Makhleb
Trog
Yredelemnul
Zin

Shops:
D:5 (   D:9 (

Annotations:
Lair:1 1 transporter


Innate Abilities, Weirdness & Mutations

You are immune to sickness and miasma.
You are immune to poison.
Your flesh is very heat resistant. (rF++)
You are vulnerable to cold. (rC-)
You float through the air rather than walking.
You learn spells naturally, not from books.
Your magical power is your life essence.
You have superior vitality. (+4 MHP)


Message History

You feel better.
No target in view!
No target in view!
Found 22 gold pieces.
Found 21 gold pieces.
Press: ? - help, v - describe, . - travel, g - get item Item here: a pair of glowing gloves.
The floor.
Found a potion of berserk rage.
Found a transporter.
Found a wand of paralysis (5).
There is a transporter here.
You enter the transporter and appear at another place.
A swamp worm comes into view.
Unknown command.
You sock the briar patch!
The briar patch is almost destroyed.
You sock the briar patch!
The briar patch is severely damaged.
You hit the briar patch.
You destroy the briar patch!
The swamp worm fires a harpoon shot at you.
The harpoon shot hits you.
You are yanked forward by the harpoon shot.
You collide with the briar patch!
The briar patch is moderately damaged.
There is a transporter landing site here.
The swamp worm fires a harpoon shot at you.
The harpoon shot misses you.
The swamp worm fires a harpoon shot at you.
The harpoon shot misses you.
Found a whip.
The swamp worm fires a harpoon shot at you.
The harpoon shot hits you!
You are yanked forward by the harpoon shot.
You collide with the briar patch!
The briar patch is severely damaged.
* * * LOW HITPOINT WARNING * * *
The swamp worm bites you!
You die...

..............#"©[#.....#
#$$$#.....# .
###+####..## ..
w≈P§P≈##..# )..
#§P^P≈w#..# ....
♣§P^°###..##
.....###☼^P≈♣#...#
.....#w≈P^P≈##..##
#@P^P≈w#..###### .
♣≈P^P≈##........ ...
##.©P###........
.....#####..........
.......©.........#..
.................# #
..../###.######.## .....
### !# #.##. .#


You could see 3 swamp worms.

Vanquished Creatures
  Erica (D:9)
  Pikel (D:7)
  Joseph (D:7)
  2 unseen horror zombies (D:9)
  A troll (D:9)
  Prince Ribbit (D:7)
  Sigmund (D:3)
  4 wyverns
  4 yaks (D:6)
  A steam dragon (D:9)
  Duvessa (D:7)
  3 water moccasins
  Pargi (Sewer)
  3 orc warriors
  An ice beast (D:6)
  A sky beast (D:7)
  A black bear (D:5)
  3 ogres (D:5)
  A wolf (D:9)
  4 centaurs
  4 phantoms
  2 kobold brigands
  5 bullfrogs
  3 scorpions
  A wyvern zombie (D:9)
  8 gnoll sergeants
  6 necrophages
  A water moccasin zombie (D:6)
  14 wights
  A wyvern skeleton (D:6)
  Dowan (D:7)
  6 killer bees (D:9)
  2 electric eels (D:9)
  A howler monkey (D:5)
  A centaur zombie (D:9)
  2 bullfrog zombies (D:6)
  A human zombie (D:9)
  3 gnoll boudas
  6 orc priests
  3 centaur skeletons (D:6)
  9 hounds
  A jelly (D:5)
  Natasha (thrice) (D:4)
  7 orc wizards
  5 iguanas
  A mummy (D:9)
  48 gnolls
  9 adders
  A river rat (D:5)
  A white imp (D:8)
  A worm (D:2)
  48 orcs
  4 bats
  6 endoplasms
  5 giant cockroaches
  5 goblins
  4 hobgoblins
  6 jackals
  15 kobolds
  3 quokkas
  11 ball pythons
  4 frilled lizards
  25 rats
  A briar patch (Lair:1)
  A bush (D:5)
331 creatures vanquished.

Vanquished Creatures (others)
  A fungus (Lair:1)
  A plant (Lair:1)
2 creatures vanquished.

Grand Total: 333 creatures vanquished

Notes
Turn   | Place    | Note
-------+----------+-------------------------------------------
     0 | D:1      | Malachi the Djinni Ice Elementalist began the quest for the
                  | Orb.
     0 | D:1      | Malachi set off with the following spells memorised:
                  | Freeze, Frozen Ramparts, Ozocubu's Armour, Hailstorm.
     0 | D:1      | Reached XP level 1. HP: 15/15 MP: 0/0
   457 | D:1      | Reached XP level 2. HP: 20/21 MP: 0/0
  1289 | D:2      | Reached XP level 3. HP: 21/25 MP: 0/0
  1289 | D:2      | Learned a level 1 spell: Slow
  1821 | D:2      | Reached XP level 4. HP: 22/31 MP: 0/0
  2469 | D:3      | Found a burning altar of Makhleb.
  2479 | D:3      | Found a glowing silver altar of Zin.
  2508 | D:3      | Found a blossoming altar of Fedhas.
  2637 | D:3      | Became a worshipper of Makhleb the Destroyer
  2673 | D:3      | Found a faded altar of an unknown god.
  2674 | D:3      | Noticed a golden eye
  2675 | D:3      | Identified the +7 quarterstaff of Peace {venom, Str+5}
  2695 | D:3      | Noticed a floating eye
  2698 | D:3      | Noticed a golden eye
  2698 | D:3      | Noticed a great orb of eyes
  2739 | D:3      | Found a bloodstained altar of Trog.
  2785 | D:3      | Found a broken altar of Ashenzari.
  3171 | D:3      | Noticed Sigmund
  3180 | D:3      | Killed Sigmund
  3181 | D:3      | Reached skill level 2 in Staves
  3181 | D:3      | Reached XP level 5. HP: 23/35 MP: 0/0
  3181 | D:3      | Learned a level 2 spell: Passwall
  3181 | D:3      | Reached XP level 6. HP: 26/40 MP: 0/0
  3585 | D:4      | Reached skill level 5 in Dodging
  3645 | D:4      | Reached skill level 3 in Staves
  3897 | D:4      | Found a staircase to the Ecumenical Temple.
  4149 | D:4      | Reached XP level 7. HP: 37/45 MP: 0/0
  4149 | D:4      | Learned a level 2 spell: Poisonous Vapours
  4174 | D:4      | Reached skill level 4 in Staves
  4344 | D:4      | Noticed Natasha
  4350 | D:4      | Killed Natasha
  4562 | D:4      | Reached * piety under Makhleb
  4836 | D:4      | Noticed Natasha
  4846 | D:4      | Killed Natasha
  4851 | D:4      | Noticed Natasha
  4863 | D:4      | Killed Natasha
  5097 | D:5      | Entered Level 5 of the Dungeon
  5138 | D:5      | Found a glowing drain.
  5145 | D:5      | Reached skill level 5 in Staves
  5148 | D:5      | Reached XP level 8. HP: 44/50 MP: 0/0
  5157 | Sewer    | Entered a sewer
  5188 | Sewer    | Noticed Pargi
  5193 | Sewer    | Killed Pargi
  5194 | Sewer    | Reached skill level 6 in Staves
  5417 | D:5      | Reached skill level 7 in Staves
  5517 | D:5      | Reached ** piety under Makhleb
  5591 | D:5      | Reached skill level 8 in Staves
  5602 | D:5      | Reached XP level 9. HP: 55/55 MP: 0/0
  5602 | D:5      | Learned a level 3 spell: Inner Flame
  5981 | D:5      | Found Ziumich's Antique Weapon Emporium.
  5989 | D:5      | Bought a shimmering quarterstaff for 162 gold pieces
  5989 | D:5      | Identified the +11 quarterstaff of Governance {vorpal,
                  | rElec Will++ Str-4 SInv} (You bought it in a shop on level
                  | 5 of the Dungeon)
  6021 | D:6      | Reached skill level 9 in Staves
  6032 | D:6      | Reached skill level 1 in Armour
  6115 | D:6      | Reached skill level 10 in Staves
  6130 | D:6      | Reached XP level 10. HP: 56/60 MP: 0/0
  6400 | D:6      | Reached skill level 11 in Staves
  6859 | D:7      | Noticed Prince Ribbit
  6925 | D:7      | Killed Prince Ribbit
  6939 | D:7      | Noticed Joseph
  6950 | D:7      | Killed Joseph
  6955 | D:7      | Reached *** piety under Makhleb
  7106 | D:7      | Noticed Duvessa
  7107 | D:7      | Noticed Dowan
  7112 | D:7      | Killed Duvessa
  7113 | D:7      | Reached skill level 12 in Staves
  7117 | D:7      | Killed Dowan
  7251 | D:7      | Noticed Pikel
  7261 | D:7      | Killed Pikel
  7990 | D:8      | Reached XP level 11. HP: 32/65 MP: 0/0
  7990 | D:8      | Learned a level 5 spell: Blade Hands
  8090 | D:8      | Reached skill level 13 in Staves
  8332 | D:9      | Reached **** piety under Makhleb
  8464 | D:9      | Found Nes Mua's Weapon Shoppe.
  8468 | D:9      | Noticed Erica
  8482 | D:9      | Killed Erica
  8840 | D:9      | Found a staircase to the Orcish Mines.
  8930 | D:9      | Reached skill level 14 in Staves
  9338 | D:9      | Found a staircase to the Lair.
  9382 | D:9      | Reached skill level 5 in Armour
  9593 | D:9      | Reached ***** piety under Makhleb
  9774 | D:9      | Reached skill level 5 in Spellcasting
 10065 | D:9      | Found a basalt altar of Yredelemnul.
 10318 | Lair:1   | Entered Level 1 of the Lair of Beasts
 10337 | Lair:1   | Found a transporter.
 10388 | Lair:1   | Found a transporter.
 10401 | Lair:1   | Slain by a swamp worm

Illustrated notes

Levels and vault maps discovered:
D:1:      nzn_arrival_settlement, layout_basic, serial_aquarium,
          aquarium_bridge_square [aquarium_subvault_bridge,
          aquarium_subvault_wall, aquarium_subvault_wall,
          aquarium_subvault_bridge], aquarium_bridge_long_joined
          [aquarium_subvault_wall, aquarium_subvault_bridge,
          aquarium_subvault_bridge, aquarium_subvault_window,
          aquarium_subvault_wall, aquarium_subvault_bridge],
          aquarium_window_fake, aquarium_window_corner, aquarium_window_fake,
          aquarium_window_1, aquarium_view_4, aquarium_view_2e,
          aquarium_pool_side, fountainhead
D:2:      layout_loops_ring, serial_rivers, chequers_serial_rivers_large_b,
          chequers_serial_rivers_micro_a, chequers_serial_rivers_room_a,
          chequers_serial_rivers_small_b, serial_park_tiny_pond,
          kennysheep_cross_room, kennysheep_generic_room_12
D:3:      layout_basic, mainiacjoe_overflow_concentric_impassable,
          lemuel_tele_altar, mainiacjoe_overflow_alcove_2, minitemple,
          hellmonk_ecumenical_altar_watching_god, kennysheep_generic_room_3,
          uniq_sigmund
D:4:      layout_basic, minmay_temple_entry_glassed_door,
          chequers_serial_rivers_micro_c, minmay_rat_hole, uniq_natasha
D:5:      layout_loops_ring, serial_shops, nicolae_shop_trees,
          portal_sewer_entry_b, kb_lookout_dungeons_type
D:6:      layout_cave_pods, serial_undead, serial_undead_d, serial_undead_a,
          serial_undead_b, serial_undead_d
D:7:      layout_basic, nicolae_concentric_dashed_squares_mild,
          grunt_ministairs_2, uniq_duvessa, uniq_joseph, uniq_prince_ribbit1,
          uniq_pikel
D:8:      layout_layer_cave, palyth_stone_intersect
D:9:      layout_cave_pools, lemuel_mausoleum_altar_yredelemnul,
          mainiacjoe_overflow_chevrons, lair_entry_dummy, hiddenorc1_lemuel,
          serial_shops, shop, serial_gnoll_camp, gnoll_camp_huts_moat,
          gnoll_camp_medium_01, gnoll_camp_mini_sergeant,
          gnoll_camp_mini_loothouse, uniq_erica
Lair:1:   gammafunk_worm_tunnel, layout_chaotic_city, serial_bayou_shore_a,
          uniq_gastronok

Skill      XL: |  1  2  3  4  5  6  7  8  9 10 11 |
---------------+----------------------------------+-----
Spellcasting   | 4 6 |  6.1
Dodging        | 3 4 5 |  5.0
Staves         | 2 3 5 8 10 12 14 | 14.0
Armour         | 1 3 5 |  5.0
Stealth        | |  1.5

Action                   |  1- 3 |  4- 6 |  7- 9 | 10-12 || total
-------------------------+-------+-------+-------+-------++-------
Melee: Unarmed           |    10 |       |       |       ||    10
       Short sword       |     1 |     4 |       |       ||     5
       Quarterstaff      |       |    38 |   195 |   440 ||   673
 Cast: Freeze            |    42 |     9 |       |       ||    51
       Frozen Ramparts   |     1 |     3 |     9 |    26 ||    39
       Ozocubu's Armour  |     1 |       |     4 |    11 ||    16
  Use: Scroll            |       |       |     8 |     6 ||    14
       Potion            |       |       |       |     1 ||     1
 Stab: Sleeping          |     1 |     5 |     6 |     7 ||    19
       Distracted        |       |       |     1 |       ||     1
Armor: Robe              |     1 |     2 |     4 |       ||     7
       Troll leather arm |       |       |    31 |    73 ||   104
Dodge: Dodged            |    33 |    39 |   154 |   348 ||   574

Table legend: (Time is in decaauts)
 A = Elapsed time spent in this place.
 B = Non-inter-level travel time spent in this place.
 C = Inter-level travel time spent in this place.
 D = Time resting spent in this place.
 E = Time spent auto-exploring this place.
 F = Levels seen in this place.
 G = Mean time per level.
                   A        B        C        D        E       F      G
               +--------+--------+--------+--------+--------+-----+--------+
         Total |  10237 |   9740 |    497 |   1744 |   5884 |  11 |  930.6 |
       Dungeon |  10023 |   9526 |    497 |   1744 |   5853 |   9 | 1113.7 |
          Lair |     78 |     78 |      0 |      0 |     31 |   1 |   78.0 |
         Sewer |    135 |    135 |      0 |      0 |      0 |   1 |  135.0 |
               +--------+--------+--------+--------+--------+-----+--------+

Top non-repeatable levels by time:
     D:9: 1813 daAuts
     D:4: 1520 daAuts
     D:3: 1318 daAuts
     D:1: 1212 daAuts
     D:2: 1054 daAuts
     D:8: 943 daAuts
     D:6: 818 daAuts
     D:5: 771 daAuts
     D:7: 571 daAuts
   Sewer: 135 daAuts
  Lair:1: 78 daAuts
